 Dungeon Crawl Stone Soup version 0.30.0-17-ge0270778cf (webtiles) character file.

Game seed: 8400882727974544893

108604 olmar the Warrior (level 16, -38/136 HPs)
             Began as a Gnoll Wanderer on May 21, 2023.
             Was an Initiate of Gozag.
             Killed from afar by an ice dragon (50 damage)
             ... with a blast of cold
             ... on level 1 of the Depths on May 23, 2023.
             The game lasted 01:00:49 (27843 turns).

olmar the Warrior (Gnoll Wanderer)                 Turns: 27843, Time: 01:00:50

Health: -38/136    AC: 25    Str: 18    XL:     16   Next: 50%
Magic:  31/31      EV: 12    Int: 20    God:    Gozag
Gold:   478        SH:  8    Dex: 17    Spells: 21/38 levels left

rFire   . . .        N - +6 eveningstar "Yxzisonleo" {freeze, rElec Str+6}
rCold   . . .        n - +1 buckler {reflect}
rNeg    . . .        D - +0 shadow dragon scales
rPois   .            V - +0 helmet
rElec   +            X - +0 cloak
rCorr   .            P - +0 pair of gloves
SInv    .            f - +3 pair of seven-league boots {Rampage+∞}
Will    +....        i - amulet of regeneration
Stlth   +++          U - ring of wizardry
HPRegen 1.22/turn    M - +6 ring of intelligence
MPRegen 0.22/turn

%: reflection, rampage+∞, wizardry (x1)
@: gold aura, very slow
A: fangs 1, strong nose, distributed training
a: Renounce Religion, Potion Petition, Call Merchant, Bribe Branch


You were on level 1 of the Depths.
You worshipped Gozag.
Gozag was aware of your devotion.
You visited 7 branches of the dungeon, and saw 26 of its levels.
You visited 1 bazaar.
You also visited: Ossuary, Bailey and Gauntlet.

You collected 7382 gold pieces.
You spent 3165 gold pieces at shops.
You paid 3739 gold pieces to Gozag.

Inventory:

Hand Weapons
 v - the +10 hand axe of Jes Orghuiz {vamp, SInv}
   (You found it on level 4 of the Dungeon)

   SInv:      It lets you see invisible.
 L - a +5 demon trident of electrocution
 N - the +6 eveningstar "Yxzisonleo" (weapon) {freeze, rElec Str+6}
   (You bought it in a shop on level 3 of the Lair of Beasts)

   Str:       It affects your strength (+6).
   rElec:     It insulates you from electricity.
 T - the +7 battleaxe of Jabyefiu {venom, rF+ Will+ Int+2}
   (You bought it in a shop in a bazaar)

   Int:       It affects your intelligence (+2).
   rF:        It protects you from fire.
   Will:      It increases your willpower.
Missiles
 a - 7 javelins
 R - 59 poisoned darts (quivered)
Armour
 f - the +3 pair of seven-league boots (worn) {Rampage+∞}
   (You found it on level 4 of the Lair of Beasts)

   Rampage+∞: When moving toward enemies, its wearer moves as far as possible,
   alerting their target en route.
 n - a +1 buckler of reflection (worn)
 D - +0 shadow dragon scales (worn)
 J - a +2 hat
 P - a +0 pair of gloves (worn)
 V - a +0 helmet (worn)
 X - a +0 cloak (worn)
Jewellery
 i - an amulet of regeneration (around neck)
 u - the ring of the Mantidfly {Fire +Blink Int+2 Dex-5 Slay+3}
   (You found it on level 10 of the Dungeon)

   [ring of fire]

   It enhances your fire magic.
   Int:       It affects your intelligence (+2).
   Dex:       It affects your dexterity (-5).
   Slay:      It affects your accuracy & damage with ranged weapons and melee
   (+3).
   rF:        It protects you from fire.
   rC:        It makes you vulnerable to cold.
   +Blink:    It lets you blink.
 x - a +5 ring of evasion
 M - a +6 ring of intelligence (right hand)
 U - a ring of wizardry (left hand)
 Z - the ring "Ejah" {Fire Str+2}
   (You found it in a Gauntlet)

   [ring of fire]

   It enhances your fire magic.
   Str:       It affects your strength (+2).
   rF:        It protects you from fire.
   rC:        It makes you vulnerable to cold.
Wands
 g - a wand of flame (9)
 r - a wand of iceblast (16)
 C - a wand of charming (16)
 Q - a wand of polymorph (5)
Scrolls
 b - 3 scrolls of silence
 c - a scroll of torment
 e - 2 scrolls of blinking
 h - 4 scrolls of fog
 j - 8 scrolls of teleportation
 k - 2 scrolls of fear
 m - 3 scrolls of amnesia
 y - 4 scrolls of summoning
 B - 3 scrolls of poison
 E - a scroll of enchant weapon
 F - a scroll of brand weapon
 K - 2 scrolls of enchant armour
 S - 6 scrolls of magic mapping
Potions
 d - 7 potions of magic
 l - 5 potions of mutation
 o - a potion of haste
 s - 8 potions of might
 w - 4 potions of lignification
 z - 8 potions of curing
 A - 4 potions of brilliance
 G - a potion of cancellation
 H - a potion of resistance
 I - 4 potions of flight
 W - a potion of ambrosia
Miscellaneous
 q - a box of beasts (inert)
 O - a piece from Xom's chessboard (15/15)
 Y - a tin of tremorstones (inert)


   Skills:
 + Level 15.1 Fighting
 + Level 11.4 Short Blades
 + Level 11.7 Long Blades
 + Level 11.4 Axes
 + Level 11.4 Maces & Flails
 + Level 11.4 Polearms
 + Level 11.4 Staves
 + Level 11.4 Ranged Weapons
 + Level 11.4 Throwing
 + Level 11.4 Armour
 + Level 11.4 Dodging
 + Level 11.6 Stealth
 + Level 11.4 Shields
 + Level 11.4 Unarmed Combat
 + Level 11.7 Spellcasting
 + Level 9.6 Conjurations
 + Level 9.6 Hexes
 + Level 9.6 Summonings
 + Level 9.6 Necromancy
 + Level 9.6 Translocations
 + Level 9.6 Transmutations
 + Level 9.6 Fire Magic
 + Level 10.3 Ice Magic
 + Level 9.6 Air Magic
 + Level 9.6 Earth Magic
 + Level 9.6 Poison Magic
 + Level 12.3 Invocations
 + Level 11.4 Evocations


You had 21 spell levels left.
You knew the following spells:

 Your Spells              Type           Power      Damage    Failure   Level
a - Freeze                Ice            100%       1d10      1%          1
b - Ozocubu's Armour      Ice            52%        N/A       1%          3
c - Vampiric Draining     Necr           50%        2d9       1%          3
d - Swiftness             Air            50%        N/A       1%          3
e - Ignite Poison         Fire/Tmut/Pois 50%        N/A       1%          3
f - Fulminant Prism       Conj/Hex       25%        3d14      4%          4

Your spell library contained the following spells:

 Spells                   Type           Power      Damage    Failure   Level
 Shock                    Conj/Air       100%       1d9       1%          1
 Slow                     Hex            100%       N/A       1%          1
 Cigotuvi's Dreadful Rot  Necr/Pois/Air  100%       N/A       1%          2
 Confusing Touch          Hex            50%        N/A       1%          3
 Dazzling Flash           Conj/Hex       100%       N/A       1%          3
 Inner Flame              Hex/Fire       50%        N/A       1%          3
 Volatile Blastmotes      Fire/Tloc      100%       2d18      1%          3
 Summon Ice Beast         Ice/Summ       51%        N/A       3%          4
 Airstrike                Air            25%        2d(4-20)  4%          4
 Iskenderun's Mystic Bla  Conj/Tloc      50%        2d11      4%          4
 Leda's Liquefaction      Hex/Erth       25%        N/A       4%          4
 Petrify                  Tmut/Erth      50%        N/A       4%          4
 Metabolic Englaciation   Hex/Ice        25%        N/A       10%         5
 Freezing Cloud           Conj/Ice/Air   25%        6-21      11%         5
 Lee's Rapid Deconstruct  Erth           25%        3d14*     12%         5
 Yara's Violent Unravell  Hex/Tmut       25%        3d11      12%         5
 Starburst                Conj/Fire      25%        6d8       52%         6
 Statue Form              Tmut/Erth      33%        N/A       52%         6
 Enfeeble                 Hex            25%        N/A       96%         7


Dungeon Overview and Level Annotations

Branches:
Dungeon (15/15)            Temple (1/1) D:6            Lair (5/5) D:10
 Shoals (1/4) Lair:3        Snake (1/4) Lair:2        Slime (0/5) Lair:5
    Orc (2/2) D:12            Elf (0/3) Orc:2        Vaults (0/5) D:14
 Depths (1/4) D:15        Ossuary (visited)          Bailey (visited)
Gauntlet (visited)

Altars:
Ashenzari
Cheibriados
Dithmenos
Elyvilon
Fedhas
Gozag
Hepliaklqana
Kikubaaqudgha
Makhleb
Nemelex Xobeh
Okawaru
Qazlal
Ru
Sif Muna
Trog
Uskayaw
Vehumet
Wu Jian
Xom
Yredelemnul
Zin
The Shining One

Shops:
Orc:2 (?:*:!*[*   Lair:3 (

Portals:
Hell: Lair:5
Pandemonium: Orc:2


Innate Abilities, Weirdness & Mutations

You have very sharp teeth.
Your uncanny sense of smell can sniff out nearby items.
Your experience applies equally to all skills.


Message History

Unknown command.
Unknown command.
The tremorstone explodes into fragments!
The burst of rock shards engulfs the white very ugly thing!!
The burst of rock shards engulfs the red very ugly thing!
The burst of rock shards engulfs the white ugly thing!!
The burst of rock shards engulfs the red very ugly thing!
The burst of rock shards engulfs the white ugly thing!
The burst of rock shards engulfs the white very ugly thing!!
You kill the white very ugly thing!
The burst of rock shards engulfs the red very ugly thing!
The burst of rock shards engulfs you but does no damage.
The burst of rock shards engulfs the white ugly thing.
The burst of rock shards engulfs the red very ugly thing!
The burst of rock shards engulfs the white ugly thing!!
You kill the white ugly thing!
The tin is emptied!
Unknown command.
Unknown command.
Unknown command.
Aiming: Iceblast
Press: ? - help, Shift-Dir - straight line, f - red very ugly thing
Aim: a red very ugly thing (almost dead)
The mass of ice explodes!
The iceblast engulfs the red very ugly thing!
You kill the red very ugly thing!
Unknown command.
Unknown command.
You start resting.
Your surroundings suddenly seem different.
Splash!
You fall into the shallow water.
Moving in this stuff is going to be slow.
An ice dragon and a water elemental come into view.
Found a wand of flame (9).
You hear a shout!
The ice dragon breathes frost at you. The blast of cold hits you!!!
You die...
Your body crumbles into a pile of gold.

# #
./P~.~~~P~≈~~.
# ...~~~♣~..~≈~
# ..~.~≈~...D.
E..~≈~~~P..
..~~≈≈.~.. .
.P.~≈~~.. ...
.P~~~.~○♣#.....
..~..~~@.......
..♣.~..........
.....P.........
...............
...........~≈..
....##...~~~~~.
.... #..~~≈≈≈~.
.~~ ....~≈≈~..


You could see an ice dragon (catching breath) and a water elemental.

Vanquished Creatures
  Gastronok (Lair:2)
  Agnes (D:14)
  3 very ugly things (Depths:1)
  A minotaur (Gauntlet)
  The ghost of nemohh the Severer, a journeyman HOFi of Hepliaklqana (D:10)
  Josephine (Lair:5)
  2 hydras
  4 vault guards (D:14)
  The ghost of Duaji the Blocker, a journeyman GrFi of Okawaru (Lair:2)
  Fannar (D:12)
  An ice dragon (Depths:1)
  An ogre mage (D:15)
  3 demonspawn (Orc:2)
  6 centaur warriors
  2 tengu warriors
  4 boulder beetles
  An anaconda (Snake:1)
  5 two-headed ogres
  A deep troll shaman (Depths:1)
  A death knight (D:15)
  A death scarab (Gauntlet)
  A naga warrior (Snake:1)
  A sun demon (Lair:5)
  6 orc high priests (Orc:2)
  A fire crab (Gauntlet)
  Sonja (Lair:3)
  Amaemon (D:8)
  A soul eater (Orc:2)
  A skeletal warrior (D:15)
  A skyshark (Lair:4)
  A spectral death yak (Gauntlet)
  A deep troll (Depths:1)
  3 wizards
  6 orc knights
  16 ugly things
  2 deep elf pyromancers
  A wolf spider (D:15)
  A salamander (D:15)
  6 orc sorcerers (Orc:2)
  A mana viper (shapeshifter) (D:15)
  A faun (Shoals:1)
  8 cyclopes
  7 manticores
  A guardian serpent (Lair:4)
  A naga mage (Snake:1)
  2 black mambas
  3 elephants (Lair:4)
  2 gargoyles
  12 cane toads
  3 orange demons
  3 kobold demonologists
  3 unseen horrors
  10 komodo dragons
  4 rime drakes (Lair:5)
  2 ice devils (Lair:5)
  A tengu conjurer (D:14)
  2 red devils
  6 trolls
  A polar bear (Lair:3)
  2 large abominations (Gauntlet)
  2 snapping turtles
  A hellwing (Lair:5)
  11 blink frogs
  A tyrant leech (Lair:1)
  6 dream sheep (Lair:5)
  A centaur simulacrum (D:15)
  5 slime creatures
  8 wraiths
  A water elemental (Depths:1)
  5 wyverns
  A yak (shapeshifter) (D:9)
  2 shadows
  5 basilisks
  6 humans (D:14)
  43 yaks
  5 fire bats (Gauntlet)
  10 vampire mosquitoes
  2 swamp worms (Lair:1)
  4 nagas (Snake:1)
  A warg (D:11)
  Edmund (D:5)
  3 acid dragons
  A floating eye (Lair:5)
  17 water moccasins
  5 ice beasts (D:10)
  7 hell hounds
  A swamp drake (D:12)
  29 orc warriors
  3 black bears
  2 meliai simulacra
  14 wolves
  10 ogres
  7 centaurs
  8 kobold brigands
  5 small abominations (Gauntlet)
  20 bullfrogs
  A scorpion (D:5)
  8 wights
  13 killer bees
  5 howler monkeys
  4 electric eels
  A centaur zombie (Ossuary)
  A human zombie (Ossuary)
  4 gnoll boudas
  26 orc priests
  3 iguanas
  20 orc wizards
  4 hound zombies (Ossuary)
  3 mummies (Ossuary)
  33 gnolls
  6 adders
  A shadow imp (D:7)
  3 white imps (D:10)
  A howler monkey simulacrum (D:10)
  An ufetubus (D:4)
  6 adder zombies
  3 adder skeletons (D:3)
  3 dart slugs
  72 orcs
  7 endoplasms
  2 giant cockroaches
  8 goblins
  7 hobgoblins
  4 jackals
  5 quokkas
  A ball python (D:3)
  5 bats
  3 frilled lizards
  A gnoll zombie (Ossuary)
  3 goblin zombies (Ossuary)
  3 hobgoblin zombies (Ossuary)
  2 jackal zombies (Ossuary)
  25 kobolds
  5 kobold zombies (Ossuary)
  3 orc zombies (Ossuary)
  A quokka skeleton (D:3)
  3 quokka zombies (Ossuary)
  2 rats
  2 rat zombies (Ossuary)
735 creatures vanquished.

Vanquished Creatures (collateral kills)
  A boulder beetle (Lair:4)
  A fire crab (Lair:4)
  A skeletal warrior (D:15)
  A deep troll (Depths:1)
  2 ugly things
  An orc warrior (Orc:2)
  An orc priest (Orc:2)
  2 orc wizards (Orc:2)
  2 orcs (Orc:2)
12 creatures vanquished.

Vanquished Creatures (others)
  A vault guard (D:14)
  An ugly thing (Depths:1)
  A kobold demonologist (D:11)
  A cane toad (Lair:4)
  An unseen horror (D:11)
  A polar bear (Lair:4)
  A human (D:14)
  A swamp worm (Lair:1)
  A small abomination (Gauntlet)
  A kobold (D:10)
10 creatures vanquished.

Grand Total: 757 creatures vanquished

Notes
Turn   | Place    | Note
-------+----------+-------------------------------------------
     0 | D:1      | Reached skill level 10 in Fighting
     0 | D:1      | olmar the Gnoll Wanderer began the quest for the Orb.
     0 | D:1      | olmar set off with the following items: a +1 falchion, a
                  | scroll of silence, a +0 robe; and the following spell
                  | memorised: Freeze; and the following spells available to
                  | memorise: Ozocubu's Armour, Summon Ice Beast.
     0 | D:1      | Reached XP level 1. HP: 29/29 MP: 4/4
    28 | D:1      | Found a faded altar of an unknown god.
   157 | D:1      | Reached XP level 2. HP: 26/36 MP: 3/5
   771 | D:1      | Reached XP level 3. HP: 40/42 MP: 7/7
  1102 | D:2      | Learned a level 3 spell: Ozocubu's Armour
  1111 | D:2      | Reached skill level 1 in Invocations
  1333 | D:2      | Reached skill level 1 in Short Blades
  1333 | D:2      | Reached skill level 1 in Axes
  1333 | D:2      | Reached skill level 1 in Maces & Flails
  1333 | D:2      | Reached skill level 1 in Polearms
  1333 | D:2      | Reached skill level 1 in Staves
  1333 | D:2      | Reached skill level 1 in Ranged Weapons
  1333 | D:2      | Reached skill level 1 in Throwing
  1333 | D:2      | Reached skill level 1 in Armour
  1333 | D:2      | Reached skill level 1 in Dodging
  1333 | D:2      | Reached skill level 1 in Shields
  1333 | D:2      | Reached skill level 1 in Unarmed Combat
  1333 | D:2      | Reached skill level 1 in Evocations
  1411 | D:2      | Reached XP level 4. HP: 47/48 MP: 8/8
  1757 | D:3      | Reached skill level 1 in Conjurations
  1757 | D:3      | Reached skill level 1 in Hexes
  1757 | D:3      | Reached skill level 1 in Summonings
  1757 | D:3      | Reached skill level 1 in Necromancy
  1757 | D:3      | Reached skill level 1 in Translocations
  1757 | D:3      | Reached skill level 1 in Transmutations
  1757 | D:3      | Reached skill level 1 in Fire Magic
  1757 | D:3      | Reached skill level 1 in Air Magic
  1757 | D:3      | Reached skill level 1 in Earth Magic
  1757 | D:3      | Reached skill level 1 in Poison Magic
  1811 | D:3      | Reached XP level 5. HP: 43/54 MP: 6/9
  2857 | D:4      | Identified the +10 hand axe of Jes Orghuiz {vamp, SInv}
  2907 | D:4      | Reached XP level 6. HP: 9/61 MP: 6/11
  2909 | D:4      | HP: 3/61 [gnoll/+0 halberd[a gnoll bouda] (10)]
  3104 | D:4      | Found a hide-covered altar of Uskayaw.
  3108 | D:4      | Found a bloodstained altar of Trog.
  3111 | D:4      | Found a sparkling altar of Nemelex Xobeh.
  3529 | D:5      | Entered Level 5 of the Dungeon
  3757 | D:5      | Noticed Edmund
  3781 | D:5      | Killed Edmund
  3782 | D:5      | Reached XP level 7. HP: 64/67 MP: 9/12
  5261 | D:6      | Found a staircase to the Ecumenical Temple.
  5270 | Temple   | Entered the Ecumenical Temple
  5369 | Temple   | Became a worshipper of Gozag Ym Sagoz the Greedy
  5462 | D:7      | Identified a scroll of acquirement
  5462 | D:7      | Acquired a +1 buckler of reflection
  5699 | D:7      | Found a sand-covered staircase.
  5704 | Ossuary  | Entered an ossuary
  5789 | Ossuary  | Reached XP level 8. HP: 73/74 MP: 14/14
  6093 | D:7      | Found an ornate altar of the Wu Jian Council.
  6104 | D:7      | Found a shimmering altar of Xom.
  6543 | D:7      | Reached skill level 11 in Fighting
  6972 | D:8      | Found a flagged portal.
  7042 | Bailey   | Entered a bailey
  7200 | Bailey   | Noticed an orc knight
  7217 | Bailey   | Killed an orc knight
  7218 | Bailey   | Reached skill level 5 in Spellcasting
  7218 | Bailey   | Reached skill level 5 in Ice Magic
  7218 | Bailey   | Reached XP level 9. HP: 51/81 MP: 14/16
  7256 | Bailey   | Reached skill level 12 in Fighting
  7256 | Bailey   | Reached skill level 5 in Conjurations
  7256 | Bailey   | Reached skill level 5 in Hexes
  7256 | Bailey   | Reached skill level 5 in Summonings
  7256 | Bailey   | Reached skill level 5 in Necromancy
  7256 | Bailey   | Reached skill level 5 in Translocations
  7256 | Bailey   | Reached skill level 5 in Transmutations
  7256 | Bailey   | Reached skill level 5 in Fire Magic
  7256 | Bailey   | Reached skill level 5 in Air Magic
  7256 | Bailey   | Reached skill level 5 in Earth Magic
  7256 | Bailey   | Reached skill level 5 in Poison Magic
  7256 | Bailey   | Reached XP level 10. HP: 89/89 MP: 16/20
  7474 | D:8      | Noticed a two-headed ogre
  7489 | D:8      | Killed a two-headed ogre
  8316 | D:9      | Noticed Amaemon
  8316 | D:9      | Noticed an orange demon
  8330 | D:8      | Killed Amaemon
  8368 | D:9      | Killed an orange demon
  8369 | D:9      | Reached XP level 11. HP: 36/95 MP: 21/21
  8774 | D:9      | Found a burning altar of Makhleb.
  8861 | D:9      | Noticed a manticore
  8868 | D:9      | Found a hide-covered altar of Uskayaw.
  8906 | D:9      | Killed a manticore
  9402 | D:10     | Entered Level 10 of the Dungeon
  9440 | D:10     | Noticed a two-headed ogre
  9451 | D:10     | Killed a two-headed ogre
  9576 | D:10     | Found a runed translucent gate.
  9576 | D:10     | Found a runed translucent gate.
  9577 | D:10     | Found a runed translucent gate.
  9628 | D:10     | Noticed nemohh's ghost (journeyman HOFi)
  9655 | D:10     | Noticed a centaur warrior
  9659 | D:10     | Noticed a centaur warrior
  9683 | D:10     | Killed a centaur warrior
  9686 | D:10     | Killed a centaur warrior
  9845 | D:10     | Found a staircase to the Lair.
  9871 | D:10     | Identified the +1 robe of Foolhardiness {+Inv}
 10232 | Lair:1   | Entered Level 1 of the Lair of Beasts
 10246 | Lair:1   | Reached XP level 12. HP: 94/103 MP: 24/24
 11116 | Lair:2   | Found a runed translucent door.
 11119 | Lair:2   | Noticed Duaji's ghost (journeyman GrFi)
 11128 | Lair:2   | Found a stormy altar of Qazlal.
 11157 | Lair:2   | Found a gate leading to a gauntlet.
 11179 | Lair:2   | Found a staircase to the Snake Pit.
 11196 | Gauntlet | Entered a Gauntlet
 11196 | Gauntlet | Found a transporter.
 11198 | Gauntlet | Noticed a large abomination
 11202 | Gauntlet | Noticed a death scarab
 11207 | Gauntlet | Found a transporter.
 11237 | Gauntlet | Found a transporter.
 11254 | Gauntlet | Found a transporter.
 11256 | Gauntlet | Found a transporter.
 11258 | Gauntlet | Found a transporter.
 11286 | Gauntlet | Found a transporter.
 11310 | Gauntlet | Found a transporter.
 11315 | Gauntlet | Found a transporter.
 11330 | Gauntlet | Found a transporter.
 11349 | Gauntlet | Found a transporter.
 11363 | Gauntlet | Found a transporter.
 11375 | Gauntlet | Found a transporter.
 11387 | Gauntlet | Found a transporter.
 11399 | Gauntlet | Found a transporter.
 11401 | Gauntlet | Noticed an entropy weaver
 11404 | Gauntlet | Found a transporter.
 11404 | Gauntlet | Found a transporter.
 11615 | Gauntlet | Found a transporter.
 11663 | Gauntlet | Killed a large abomination
 11762 | Gauntlet | Killed a death scarab
 11810 | Gauntlet | Reached skill level 13 in Fighting
 11903 | Gauntlet | Identified the ring "Ejah" {Fire Str+2}
 11935 | Gauntlet | Noticed a minotaur
 11945 | Gauntlet | Killed a minotaur
 12380 | Lair:2   | Noticed Gastronok
 12408 | Lair:2   | Killed Gastronok
 12409 | Lair:2   | Reached XP level 13. HP: 106/111 MP: 25/25
 13138 | Lair:3   | Noticed Sonja
 13148 | Lair:3   | Killed Sonja
 13713 | Lair:3   | Found a staircase to the Shoals.
 14545 | Lair:4   | Identified the +2 robe "Fylalugg" {-Cast rPois Str+3}
 15040 | Lair:4   | Found the +3 pair of seven-league boots {Rampage+∞}
 15068 | Lair:4   | Reached skill level 10 in Invocations
 15175 | Lair:5   | Entered Level 5 of the Lair of Beasts
 15210 | Lair:5   | Noticed Josephine
 15234 | Lair:5   | Killed Josephine
 15248 | Lair:5   | Reached XP level 14. HP: 119/119 MP: 27/27
 15491 | Lair:5   | Paralysed by a floating eye for 2 turns
 15911 | D:11     | Reached skill level 10 in Spellcasting
 16407 | D:12     | Reached skill level 10 in Long Blades
 16449 | D:12     | Noticed Fannar
 16481 | D:12     | Killed Fannar
 16637 | D:12     | Reached skill level 10 in Stealth
 16742 | D:12     | Reached skill level 14 in Fighting
 17134 | D:12     | Found a staircase to the Orcish Mines.
 17363 | Orc:1    | Entered Level 1 of the Orcish Mines
 17529 | Orc:2    | Entered Level 2 of the Orcish Mines
 17551 | Orc:2    | Found a staircase to the Elven Halls.
 17641 | Orc:2    | Found Imuputs's Magic Scroll Shop.
 17641 | Orc:2    | Found Ucwuuleb's General Store.
 17954 | Orc:2    | Bought a scroll of identify for 28 gold pieces
 17954 | Orc:2    | Bought a scroll of identify for 28 gold pieces
 17954 | Orc:2    | Bought a scroll of identify for 28 gold pieces
 17959 | Orc:2    | Bought a wand of iceblast (6) for 172 gold pieces
 17959 | Orc:2    | Bought a wand of flame (8) for 67 gold pieces
 17959 | Orc:2    | Bought a scroll of magic mapping for 90 gold pieces
 17973 | Orc:2    | Learned a level 3 spell: Vampiric Draining
 18137 | Orc:2    | Bought a potion of berserk rage for 75 gold pieces
 18137 | Orc:2    | Bought 2 potions of might for 120 gold pieces
 18178 | Orc:2    | Found Cayty's Book Shop.
 19365 | Orc:2    | Reached skill level 10 in Short Blades
 19365 | Orc:2    | Reached skill level 10 in Axes
 19365 | Orc:2    | Reached skill level 10 in Maces & Flails
 19365 | Orc:2    | Reached skill level 10 in Polearms
 19365 | Orc:2    | Reached skill level 10 in Staves
 19365 | Orc:2    | Reached skill level 10 in Ranged Weapons
 19365 | Orc:2    | Reached skill level 10 in Throwing
 19365 | Orc:2    | Reached skill level 10 in Armour
 19365 | Orc:2    | Reached skill level 10 in Dodging
 19365 | Orc:2    | Reached skill level 10 in Shields
 19365 | Orc:2    | Reached skill level 10 in Unarmed Combat
 19365 | Orc:2    | Reached skill level 10 in Evocations
 20121 | Orc:2    | Paralysed by an orc sorcerer for 2 turns
 20588 | Orc:2    | Reached XP level 15. HP: 67/119 MP: 29/29
 21037 | Orc:2    | Found Runuori's Book Shoppe.
 21037 | Orc:2    | Found a one-way gate leading to the halls of Pandemonium.
 21038 | Orc:2    | Found Buypp's Antique Weapon Emporium.
 22638 | D:14     | Noticed Agnes
 22651 | D:14     | Killed Agnes
 23149 | D:14     | Found a gate to the Vaults.
 23635 | Lair:2   | Killed Duaji's ghost
 23837 | Lair:5   | Found a staircase to the Slime Pits.
 24432 | Lair:5   | Found a burning altar of Makhleb.
 24689 | Lair:5   | Reached skill level 10 in Ice Magic
 24766 | Lair:5   | Found a gateway to Hell.
 25025 | Shoals:1 | Entered Level 1 of the Shoals
 25033 | Lair:3   | Bought the +6 eveningstar "Yxzisonleo" {freeze, rElec
                  | Str+6} for 1337 gold pieces
 25112 | Lair:3   | Learned a level 3 spell: Swiftness
 25116 | Lair:3   | Learned a level 3 spell: Ignite Poison
 25121 | Lair:3   | Learned a level 4 spell: Fulminant Prism
 25202 | Snake:1  | Entered Level 1 of the Snake Pit
 25402 | D:10     | Reached XP level 16. HP: 134/134 MP: 31/31
 25427 | D:10     | Killed nemohh's ghost
 25522 | D:10     | Got the ring of the Mantidfly {Fire +Blink Int+2 Dex-5
                  | Slay+3}
 25656 | D:15     | Entered Level 15 of the Dungeon
 26255 | D:15     | Found a gateway to a bazaar.
 26399 | D:15     | Reached skill level 15 in Fighting
 26703 | Bazaar   | Entered a bazaar
 26703 | Bazaar   | Found Onlil's Assorted Antiques.
 26703 | Bazaar   | Found Ymaatu's Antique Weapon Emporium.
 26721 | Bazaar   | Found Letrosev's Weapon Shoppe.
 26737 | Bazaar   | Found Uxzaigel's Jewellery Emporium.
 26756 | Bazaar   | Bought a pitted battleaxe for 379 gold pieces
 26756 | Bazaar   | Identified the +7 battleaxe of Jabyefiu {venom, rF+ Will+
                  | Int+2} (You bought it in a shop in a bazaar)
 26756 | Bazaar   | Bought a potion of curing for 99 gold pieces
 26756 | Bazaar   | Bought a potion of curing for 99 gold pieces
 26756 | Bazaar   | Bought a scroll of blinking for 247 gold pieces
 26756 | Bazaar   | Bought a wand of iceblast (5) for 396 gold pieces
 26973 | D:15     | Found a staircase to the Depths.
 27418 | Depths:1 | Entered Level 1 of the Depths
 27537 | Depths:1 | Found a hide-covered altar of Uskayaw.
 27837 | Depths:1 | HP: 4/136 [white very ugly thing (51)]
 27843 | Depths:1 | Killed from afar by an ice dragon

Illustrated notes

Levels and vault maps discovered:
D:1:      minmay_arrival_diagonal_passages, layout_basic,
          shapermc_ecumenical_altar_flowoftime, hex_medium
D:2:      layout_basic, st_stairs_13
D:3:      layout_loops_ring, serial_undead, serial_undead_e, serial_undead_b,
          serial_undead_c, serial_undead_c, serial_undead_a, serial_undead_a,
          serial_undead_a, serial_undead_e
D:4:      layout_layer_cave, grunt_temple_overflow_diamond
D:5:      layout_loops_corners, kennysheep_small_spiral, uniq_edmund
D:6:      layout_gridville, minmay_temple_entry_poolview,
          chequers_serial_rivers_marsh
D:7:      layout_basic, nicolae_overflow_squiral,
          lightli_ossuary_entry_decrepit_ruins
D:8:      layout_basic, enter_bailey_8, amcnicky_mini_pool_small,
          grunt_decor_junction, minmay_misc_feat_four_crosses
D:9:      layout_long_grid, serial_bayou, serial_bayou_shore_b,
          serial_bayou_pond_a, serial_bayou_shore_b, serial_bayou_pond_e,
          hangedman_feature_mirror, nicolae_kite_square_tiling_tiny,
          hangedman_decor_slide_cut, st_stairs_8,
          nicolae_concentric_dashed_squares_mild, blue_anna_alchemist,
          uniq_amaemon
D:10:     layout_irregular_city, grunt_lair_entry_orc_guard_hut,
          gammafunk_ghost_icy, kennysheep_doodads, grunt_decor_resistance,
          minmay_checkerbox
D:11:     layout_cave_pools, grunt_ministairs_2
D:12:     minmay_connected_triangles_in_corner, layout_irregular_city,
          erik_orc_1, uniq_fannar
D:13:     layout_roguey
D:14:     layout_basic, ximxim_vaults_locker_room,
          chequers_serial_rivers_small_3, uniq_agnes
D:15:     hangedman_depths_entry_try_elsewhere_first, layout_stronghold,
          serial_shops, bzr_entry_islet, chequers_serial_rivers_micro_c
Temple:   minmay_temple_bridge_d
Lair:1:   layout_gridlike, worms_lemuel, grunt_megastairs_5,
          serial_bayou_shore_b, serial_bayou_shore_b, infiniplex_staircase_pool
Lair:2:   layout_regular_city, minmay_snake_entry_six_corridors, basic_altar,
          gauntlet_entry_generic, hellmonk_ghost_happy_afterlife,
          serial_bayou_shore_a, uniq_gastronok
Lair:3:   layout_loops_ring, minmay_shoals_entry_hut, st_stairs_9,
          grunt_megastairs_4, uniq_sonja
Lair:4:   layout_regular_city, hellmonk_guarded_unrand_seven_league_boots
Lair:5:   evil_forest, layout_gridlike, slime_entry_1, uniq_josephine
Shoals:1: nicolae_shoals_deep_elves_summer_vacation, layout_shoals,
          serial_shops, shop, uniq_jorgrun
Snake:1:  layout_misc_corridors, serial_shops, nicolae_shop_hallway_stairs,
          nicolae_snake_naga_rites, serial_bayou_shore_b, grunt_megastairs_1
Orc:1:    layout_caves
Orc:2:    pf_orc_diabolical, layout_caves, serial_shops, shop
Depths:1: layout_cave_pools, abyss_entry_flame_altar, hell_entry, serial_bayou,
          serial_bayou_pond_b, serial_bayou_pond_b, serial_bayou_ford_a,
          serial_bayou_shore_b, nicolae_uskayaw_dance_hall,
          evilmike_spriggan_trog_shrine, infiniplex_staircase_pool_lava

Skill      XL: |  1  2  3  4  5  6  7  8  9 10 11 12 13 14 15 16 |
---------------+-------------------------------------------------+-----
Fighting       | 11 12 13 14 15 | 15.1
Invocations    | 1 2 3 4 6 7 8 9 10 11 12 | 12.3
Short Blades   | 1 2 3 4 6 7 8 9 10 11 | 11.4
Axes           | 1 2 3 4 6 7 8 9 10 11 | 11.4
Maces & Flails | 1 2 3 4 6 7 8 9 10 11 | 11.4
Polearms       | 1 2 3 4 6 7 8 9 10 11 | 11.4
Staves         | 1 2 3 4 6 7 8 9 10 11 | 11.4
Ranged Weapons | 1 2 3 4 6 7 8 9 10 11 | 11.4
Throwing       | 1 2 3 4 6 7 8 9 10 11 | 11.4
Armour         | 1 2 3 4 6 7 8 9 10 11 | 11.4
Dodging        | 1 2 3 4 6 7 8 9 10 11 | 11.4
Shields        | 1 2 3 4 6 7 8 9 10 11 | 11.4
Unarmed Combat | 1 2 3 4 6 7 8 9 10 11 | 11.4
Evocations     | 1 2 3 4 6 7 8 9 10 11 | 11.4
Spellcasting   | 3 4 5 6 7 8 9 10 11 | 11.7
Conjurations   | 1 2 3 5 6 7 8 9 |  9.6
Hexes          | 1 2 3 5 6 7 8 9 |  9.6
Summonings     | 1 2 3 5 6 7 8 9 |  9.6
Necromancy     | 1 2 3 5 6 7 8 9 |  9.6
Translocations | 1 2 3 5 6 7 8 9 |  9.6
Transmutations | 1 2 3 5 6 7 8 9 |  9.6
Fire Magic     | 1 2 3 5 6 7 8 9 |  9.6
Air Magic      | 1 2 3 5 6 7 8 9 |  9.6
Earth Magic    | 1 2 3 5 6 7 8 9 |  9.6
Poison Magic   | 1 2 3 5 6 7 8 9 |  9.6
Long Blades    | 3 4 6 7 8 9 10 11 | 11.7
Ice Magic      | 4 5 6 7 8 9 10 | 10.3
Stealth        | 3 4 6 7 8 9 10 11 | 11.6

Action                     |  1- 3 |  4- 6 |  7- 9 | 10-12 | 13-15 | 16-18 || total
---------------------------+-------+-------+-------+-------+-------+-------++-------
  Melee: Falchion          |    77 |   118 |       |       |       |       ||   195
         Bite              |     4 |    11 |    14 |    91 |   330 |    24 ||   474
         Punch             |       |     6 |     1 |       |       |       ||     7
         Hand axe          |       |    38 |   194 |   624 |  1868 |       ||  2724
         Eveningstar       |       |       |       |       |    36 |   210 ||   246
         Demon trident     |       |       |       |       |    36 |       ||    36
  Throw: Dart              |       |       |       |     1 |    44 |     2 ||    47
         Javelin           |       |       |       |       |    14 |     7 ||    21
   Cast: Freeze            |     4 |     5 |       |       |       |       ||     9
         Ozocubu's Armour  |     1 |     4 |       |       |     1 |     1 ||     7
         Vampiric Draining |       |       |       |       |     5 |       ||     5
 Invoke: Call Merchant     |       |       |       |       |     5 |       ||     5
  Evoke: Wand              |       |       |       |    36 |    42 |     5 ||    83
         Box of beasts     |       |       |       |       |     2 |     1 ||     3
         Tin of tremorston |       |       |       |       |     2 |     2 ||     4
         Piece from Xom's  |       |       |       |       |     2 |       ||     2
    Use: Scroll            |       |     3 |    19 |     4 |    19 |     3 ||    48
         Potion            |       |     2 |     1 |     6 |    10 |     4 ||    23
   Stab: Sleeping          |     3 |     4 |    12 |    14 |    23 |     1 ||    57
         Distracted        |       |     1 |     1 |     3 |    12 |     3 ||    20
         Invisible         |       |       |       |     8 |    12 |       ||    20
 Armour: Robe              |    23 |    42 |    25 |       |       |       ||    90
         Shadow dragon sca |       |       |    28 |   333 |   961 |   116 ||  1438
  Dodge: Dodged            |    46 |   133 |   110 |   375 |   918 |    85 ||  1667
  Block: Buckler           |       |       |    31 |   255 |   643 |    88 ||  1017
         Reflection        |       |       |       |     7 |     9 |     3 ||    19
